 Dungeon Crawl Stone Soup version 0.21.1-1-g345015f (webtiles) character file.

176 lotte the Magician (level 5, -3/28 HPs)
             Began as a Deep Elf Fire Elementalist on July 2, 2018.
             Slain by a scorpion (5 damage)
             ... on level 4 of the Dungeon.
             The game lasted 00:17:18 (3991 turns).

lotte the Magician (Deep Elf Fire Elementalist)     Turns: 3991, Time: 00:17:19

Health: -3/28      AC:  2    Str:  5    XL:     5   Next: 30%
Magic:  7/13       EV: 14    Int: 21    God:
Gold:   256        SH:  0    Dex: 15    Spells: 4/13 levels left

rFire    . . .     SeeInvis .   f - +1 whip
rCold    . . .     Gourm    .   (no shield)
rNeg     . . .     Faith    .   a - +0 robe
rPois    .         Spirit   .   (no helmet)
rElec    .         Reflect  .   (no cloak)
rCorr    .         Harm     .   (no gloves)
MR       .....                  (no boots)
Stlth    ++........             (no amulet)
HPRegen  0.09/turn              (no ring)
MPRegen  0.13/turn              (no ring)

@: no status effects
A: no striking features
a: no special abilities


You were on level 4 of the Dungeon.
You were very hungry.

You visited 1 branch of the dungeon, and saw 4 of its levels.

You collected 256 gold pieces.

Inventory:

Hand Weapons
 f - a +1 whip (weapon)
Armour
 a - a +0 robe (worn)
Scrolls
 o - a scroll of identify
Potions
 d - 2 potions of flight
 e - a potion of lignification
 g - a potion of invisibility
 h - a potion of experience {unknown}
 i - a potion of degeneration {unknown}
 n - 2 potions of ambrosia
Books
 b - a book of Flames

   Spells                             Type                      Level
   a - Flame Tongue                   Conjuration/Fire             1
   b - Throw Flame                    Conjuration/Fire             2
   c - Conjure Flame                  Conjuration/Fire             3
   d - Inner Flame                    Hexes/Fire                   3
   e - Sticky Flame                   Conjuration/Fire             4
   f - Fireball                       Conjuration/Fire             5
 l - a book of Minor Magic

   Spells                             Type                      Level
   a - Magic Dart                     Conjuration                  1
   b - Blink                          Translocation                2
   c - Call Imp                       Summoning                    2
   d - Slow                           Hexes                        2
   e - Conjure Flame                  Conjuration/Fire             3
   f - Mephitic Cloud                 Conjuration/Poison/Air       3
Comestibles
 c - 9 rations


   Skills:
 + Level 3.9 Dodging
 - Level 2.4 Stealth
 + Level 4.5 Spellcasting
 + Level 2.9 Conjurations
 + Level 4.3 Fire Magic


You had 4 spell levels left.
You knew the following spells:

 Your Spells              Type           Power        Failure   Level  Hunger
a - Flame Tongue          Conj/Fire      ###..        2%          1    None
b - Conjure Flame         Conj/Fire      ###.....     8%          3    ##.....
c - Mephitic Cloud        Conj/Pois/Air  #.......     22%         3    ##.....
d - Call Imp              Summ           #.......     17%         2    #......


Dungeon Overview and Level Annotations

Branches:
Dungeon (4/15)
 Temple: D:4-7

Altars:
Elyvilon
Fedhas
Hepliaklqana
Makhleb
Okawaru
Wu Jian
The Shining One


Message History

The flame tongue hits the centaur skeleton.
You destroy the centaur skeleton!
Casting: Flame Tongue
Confirm with . or Enter, or press ? or * to list all spells.
Aiming: Flame Tongue
Press: ? - help, Shift-Dir - straight line, f - scorpion
Aim: a scorpion The flame tongue hits the scorpion.
The scorpion is lightly wounded.
The scorpion stings you!
* * * LOW HITPOINT WARNING * * *
Casting: Flame Tongue
Confirm with . or Enter, or press ? or * to list all spells.
Aiming: Flame Tongue
Press: ? - help, Shift-Dir - straight line, f/p - scorpion
Aim: a scorpion (lightly wounded)
The flame tongue hits the scorpion.
The scorpion is severely wounded.
The scorpion stings you.
You die...

##.## #...##
#.#..# #######
#....# #.....#
####.# #.....#
#.#####.....##
#.#..........#
#s#.##.......#
#@#.##....##.#
#.#.##.##.##.#
#.#.##.##.##.###
#.#............#
#.###...####.#.#
#.##....####.#.###
#.#....(..##......
#.......#<##.####.
###..........#


You could see a scorpion.

Vanquished Creatures
  A centaur skeleton (D:4)
  5 adders (D:2)
  3 worms (D:2)
  2 dart slugs (D:1)
  A leopard gecko (D:3)
  5 orcs (D:3)
  6 bats
  4 giant cockroaches
  13 goblins
  11 hobgoblins
  7 jackals (D:2)
  4 frilled lizards
  7 kobolds
  10 rats
79 creatures vanquished.

Vanquished Creatures (others)
  4 toadstools (D:1)
4 creatures vanquished.

Grand Total: 83 creatures vanquished

Notes
Turn   | Place    | Note
-------+----------+-------------------------------------------
     0 | D:1      | lotte the Deep Elf Fire Elementalist began the quest for the Orb.
     0 | D:1      | Reached XP level 1. HP: 10/10 MP: 6/6
   199 | D:1      | Reached XP level 2. HP: 15/15 MP: 5/8
   551 | D:1      | Found a glowing golden altar of the Shining One.
   826 | D:1      | Reached XP level 3. HP: 19/19 MP: 3/10
   981 | D:1      | Learned a level 3 spell: Conjure Flame
  1058 | D:2      | Found an ornate altar of the Wu Jian Council.
  1533 | D:2      | Learned a level 3 spell: Mephitic Cloud
  1563 | D:2      | Reached XP level 4. HP: 22/24 MP: 6/11
  2454 | D:2      | Found a blossoming altar of Fedhas.
  2454 | D:2      | Found a white marble altar of Elyvilon.
  2454 | D:2      | Found an iron altar of Okawaru.
  2686 | D:3      | Found a burning altar of Makhleb.
  2688 | D:3      | Found a hazy altar of Hepliaklqana.
  2744 | D:3      | Found a glowing golden altar of the Shining One.
  3199 | D:3      | Reached XP level 5. HP: 28/28 MP: 5/13
  3431 | D:3      | Learned a level 2 spell: Call Imp
  3991 | D:4      | Slain by a scorpion

Skill      XL: |  1  2  3  4 |
---------------+-------------+-----
Dodging        | 3 |  3.9
Conjurations   | 2 |  2.9
Spellcasting   | 4 |  4.5
Fire Magic     | 4 |  4.3
Stealth        | |  2.4

Action                   |  1- 3 |  4- 6 || total
-------------------------+-------+-------++-------
 Cast: Flame Tongue      |    58 |    98 ||   156
       Conjure Flame     |       |     3 ||     3
       Mephitic Cloud    |       |     2 ||     2
  Use: Scroll            |     2 |     6 ||     8
       Potion            |       |     1 ||     1
  Eat: Chunk             |       |     8 ||     8
Armor: Robe              |     3 |     2 ||     5
Dodge: Dodged            |     9 |    30 ||    39
